 Dungeon Crawl Stone Soup version 0.17.2 (webtiles) character file.

72648 Goblin1989 the Fighter (level 15, -5/123 HPs)
             Began as a Demonspawn Gladiator on July 18, 2016.
             Was the Champion of Okawaru.
             Killed from afar by an elephant (20 damage)
             ... with an exploding inner flame
             ... hexed by the player character
             ... on level 8 of the Lair of Beasts.
             The game lasted 01:12:24 (25456 turns).

Goblin1989 the Fighter (Demonspawn Gladiator)      Turns: 25456, Time: 01:12:24

Health: -5/123     AC: 43    Str: 21    XL:     15   Next: 1%
Magic:  0/19       EV:  4    Int:  9    God:    Okawaru [******]
Gold:   1730       SH: 18    Dex: 15    Spells: 1 memorised, 9 levels left

rFire  . . .     SeeInvis .     d - +2 morningstar (crush)
rCold  + + +     Clarity  +     v - +15 Maxwell's patent armour {-Cast -Tele rElec MR+ rCorr}
rNeg   . . .     SustAt   .     M - +0 large shield
rPois  .         Gourm    .     W - +2 hat
rElec  +         Spirit   +     B - +2 cloak {+Inv}
rCorr  +         Warding  .     b - +1 pair of gloves
rMut   .         NoTele   +     F - +0 pair of boots {Fly}
MR     ++...     NoCast   +     Y - amulet of clarity
Stlth  ..........               N - ring of protection from cold
                                C - ring of protection from cold

@: flying, very resistant to hostile enchantments, extremely unstealthy
A: horns 2, icy blue scales 3, nightstalker 2, magic shield, magic regeneration
a: Heroism, Finesse, Renounce Religion, Evoke Invisibility, Stop Flying


You were on level 8 of the Lair of Beasts.
You worshipped Okawaru.
Okawaru was exalted by your worship.
You were hungry.

You visited 2 branches of the dungeon, and saw 20 of its levels.
You also visited: Bailey, Ice Cave and Volcano.

You collected 1959 gold pieces.
You spent 229 gold pieces at shops.

Inventory:

Hand Weapons
 d - a +2 morningstar of crushing (weapon)
Missiles
 L - 2 throwing nets (quivered)
Armour
 b - a +1 pair of gloves (worn)
 v - the +15 Maxwell's patent armour (worn) {-Cast -Tele rElec MR+ rCorr}
   (You took it off an orc warrior in a bailey)

   It insulates you from electricity.
   It affects your resistance to hostile enchantments.
   It prevents spellcasting.
   It prevents most forms of teleportation.
   It protects you from acid and corrosion.
 B - a +2 cloak of invisibility (worn)
 F - a +0 pair of boots of flying (worn)
 M - a +0 large shield (worn)
 W - a +2 hat (worn)
Jewellery
 a - an uncursed amulet of resist mutation
 C - a ring of protection from cold (left hand)
 N - a ring of protection from cold (right hand)
 Y - an amulet of clarity (around neck)
Wands
 n - a wand of teleportation (6)
 S - a wand of disintegration (0)
Scrolls
 g - 2 scrolls of brand weapon {unknown}
 h - 5 scrolls of teleportation
 i - 4 scrolls of remove curse
 l - 5 scrolls of enchant weapon
 p - 2 scrolls of torment {unknown}
 q - a scroll of immolation
 r - 3 scrolls of blinking
 w - 2 scrolls of magic mapping
 y - 2 scrolls of fog
 A - 2 scrolls of recharging
 H - a scroll of acquirement {unknown}
 I - a scroll of enchant armour
 P - 2 scrolls of identify
 Q - a scroll of vulnerability {unknown}
 X - 4 scrolls of fear
 Z - a scroll of silence
Potions
 j - a potion of mutation {unknown}
 k - 4 potions of lignification
 m - 9 potions of curing
 o - 3 potions of flight
 s - a potion of magic
 t - 3 potions of agility
 u - 3 potions of heal wounds
 x - 2 potions of berserk rage
 D - 5 potions of might
 G - a potion of ambrosia {unknown}
 J - 5 potions of brilliance
 K - 2 potions of haste
 O - a potion of resistance {unknown}
 R - a potion of cancellation
 U - a potion of invisibility
Books
 T - a book of Changes

   Spells                             Type                      Level
   a - Beastly Appendage              Transmutation                1
   b - Sticks to Snakes               Transmutation                2
   c - Spider Form                    Transmutation/Poison         3
   d - Ice Form                       Ice/Transmutation            4
   e - Blade Hands                    Transmutation                5
Miscellaneous
 z - a legendary deck of summoning {the Illusion}
Comestibles
 c - 3 slices of pizza
 e - 13 bread rations
 f - 9 meat rations
 E - 2 beef jerkies
 V - 44 fruits


   Skills:
 * Level 13.1 Fighting
 + Level 13.1 Maces & Flails
 - Level 1.7 Throwing
 * Level 11.7 Armour
 - Level 2.6 Dodging
 - Level 2.6 Stealth
 * Level 11.8 Shields
 - Level 6.1 Invocations


You had 9 spell levels left.
You knew the following spells:

 Your Spells              Type           Power        Failure   Level  Hunger
a - Aura of Abjuration    Summ           #.........   100%        5    ######.


Dungeon Overview and Level Annotations

Branches:
Dungeon (12/15)            Temple (0/1) D:5            Lair (8/8) D:8
 Shoals (0/4) Lair:4        Snake (0/4) Lair:4        Slime (0/6) Lair:7
    Orc (0/4) D:11

Altars:
Ashenzari
Dithmenos
Elyvilon
Fedhas
Gozag
Kikubaaqudgha
Makhleb
Nemelex Xobeh
Okawaru
Qazlal
Ru
Sif Muna
Trog
Yredelemnul
The Shining One

Shops:
D:5 *   D:11 *

Portals:
Trove: D:10 (give +4 storm dragon armour)


Innate Abilities, Weirdness & Mutations

You have a pair of horns on your head.
You are completely covered in icy blue scales (AC +4, EV -1, rC+).
You are significantly more attuned to the shadows.
When hurt, damage is shared between your health and your magic reserves.
You regenerate magic rapidly.


Message History

The fiery explosion engulfs the spiny frog.
You kill the spiny frog!
Okawaru accepts your kill. x2
The fiery explosion engulfs the elephant.
The elephant appears unharmed.
The elephant is severely wounded.
Okawaru accepts your kill.
You have reached level 15!
Your experience leads to an increase in your attributes!
Increase (S)trength, (I)ntelligence, or (D)exterity?
You feel stronger. Okawaru accepts your kill. x2
The fiery explosion engulfs the plant.
The plant is almost destroyed.
The fiery explosion engulfs the elephant.
The elephant explodes!
The fiery explosion engulfs the elephant.
The elephant explodes!
The fiery explosion engulfs you!
You die...

...#.....#
.......##.....
.#.#..###.........
...#.<.#........%D..
#.†..##PP.........S
..............§§§..[.
P....^.......§§§§§.%.
.............§§§§§§..
#.........P.P§§@§§§..
...#.#...%%%§§§§§§..
..###..P%P.§§§Ya...
#......%§§§....
.######.#.....#
##.###.## . ..


You could see a five-headed hydra, an elephant (inner flame), a soldier ant
(inner flame) and a water moccasin.

Vanquished Creatures
  Rupert (Lair:3)
  Gastronok (Lair:1)
  Kirke (D:12)
  A frost giant (IceCv)
  Snorg (Lair:4)
  The ghost of emiel the Grappler, a journeyman TrWz of Cheibriados (D:12)
  5 hydras
  The ghost of Goblin1989 the Martial Artist, a journeyman DsGl of Okawaru (Lair:2)
  Erica (D:8)
  7 death yaks
  2 tengu warriors (D:12)
  Urug (D:11)
  Sonja (Lair:3)
  Nergalle (Lair:4)
  4 hill giants
  A manticore (Lair:4)
  A faun (Lair:2)
  2 griffons
  14 black mambas
  3 toenail golems (Volcano)
  3 ugly things
  The ghost of Charly the Grappler, a novice TrTm (Bailey)
  6 elephants
  2 molten gargoyles (Lair:7)
  A siren (Lair:4)
  An ice statue (IceCv)
  A torpor snail (Lair:2)
  2 centaur skeletons
  A gargoyle (D:11)
  13 spiny frogs
  7 komodo dragons
  4 fire drakes
  13 polar bears
  2 slime creatures (Lair:7)
  2 boulder beetles
  A blink frog (Lair:4)
  Sigmund (D:6)
  6 humans (Volcano)
  A deep elf mage (D:9)
  2 wyverns
  46 yaks
  2 hogs (D:12)
  9 basilisks
  22 wolves
  A hungry ghost (D:12)
  9 hippogriffs
  3 wargs
  10 orc warriors
  12 water moccasins
  2 soldier ants (Lair:8)
  15 porcupines
  A necrophage (D:10)
  A wasp (D:10)
  4 black bears
  An ice beast (D:4)
  8 ogres
  6 phantoms
  6 sky beasts
  3 centaurs
  23 giant frogs
  9 crocodiles
  4 big kobolds
  A water moccasin zombie (D:6)
  A wyvern skeleton (D:7)
  5 scorpions
  2 water moccasin skeletons
  A vampire bat (Lair:6)
  5 killer bees (D:11)
  5 crimson imps
  5 lava snakes (Lair:7)
  2 giant frog zombies
  2 centaur zombies
  4 hounds
  5 giant frog skeletons
  11 iguanas
  3 quasits
  9 jellies
  8 orc priests
  5 hell rats (Lair:5)
  A gnoll shaman (D:6)
  14 orc wizards
  14 worker ants
  37 sheep
  A hound zombie (D:7)
  A hound skeleton (D:11)
  2 gnolls (D:6)
  20 adders
  2 worker ant zombies
  60 river rats
  2 shadow imps
  12 white imps (Lair:2)
  An adder zombie (D:7)
  An ooze (D:1)
  An adder skeleton (D:5)
  2 worms
  7 giant geckos
  52 orcs
  7 giant cockroaches
  10 goblins
  15 hobgoblins
  11 jackals
  23 kobolds
  3 quokkas (D:8)
  15 bats
  A giant gecko zombie (D:5)
  9 giant newts
  A jackal skeleton (D:5)
  A quokka skeleton (D:4)
  21 rats
  A fungus (Lair:8)
739 creatures vanquished.

Vanquished Creatures (others)
  A spiny frog (Lair:7)
  A polar bear (IceCv)
  A two-headed ogre (D:12)
  4 humans (D:12)
  3 yaks (IceCv)
  A wolf (IceCv)
  A necrophage (D:12)
  2 giant frogs (D:12)
  An orc wizard (D:12)
  An adder (D:12)
  A gnoll (D:6)
  A kobold (D:11)
  7 fungi
  3 plants
28 creatures vanquished.

Grand Total: 767 creatures vanquished

Notes
Turn   | Place    | Note
--------------------------------------------------------------
     0 | D:1      | Goblin1989 the Demonspawn Gladiator began the quest for the Orb.
     0 | D:1      | Reached XP level 1. HP: 16/16 MP: 1/1
   103 | D:1      | Reached skill level 3 in Maces & Flails
   117 | D:1      | Gained mutation: You are slightly more attuned to the shadows. [demonic ancestry]
   117 | D:1      | Reached XP level 2. HP: 17/22 MP: 2/2
   615 | D:1      | Gained mutation: You have a pair of small horns on your head. [demonic ancestry]
   615 | D:1      | Reached XP level 3. HP: 23/27 MP: 3/3
   838 | D:2      | Found a white marble altar of Elyvilon.
   864 | D:2      | Reached skill level 4 in Maces & Flails
  1200 | D:2      | Found an iron altar of Okawaru.
  1420 | D:2      | Gained mutation: When hurt, damage is shared between your health and your magic reserves. [demonic ancestry]
  1420 | D:2      | Reached XP level 4. HP: 28/33 MP: 4/4
  1478 | D:2      | Became a worshipper of Warmaster Okawaru
  1582 | D:2      | Found an opulent altar of Gozag.
  1922 | D:3      | Reached skill level 5 in Maces & Flails
  2330 | D:3      | Found a glowing golden altar of the Shining One.
  2789 | D:4      | Gained mutation: You have a pair of horns on your head. [demonic ancestry]
  2789 | D:4      | Reached XP level 5. HP: 38/38 MP: 5/5
  2893 | D:4      | Noticed an ogre
  3297 | D:4      | Noticed an ogre
  3396 | D:4      | Killed an ogre
  3396 | D:4      | Reached skill level 6 in Maces & Flails
  3396 | D:4      | Reached XP level 6. HP: 32/44 MP: 4/6
  3816 | D:4      | Reached * piety under Okawaru
  4038 | D:4      | Reached skill level 7 in Maces & Flails
  4045 | D:4      | Got an ancient dagger
  4046 | D:4      | Identified the +7 dagger of Tosaysoa {freeze, rF+ MP+9 Int+2 Dex+2} (You found it on level 4 of the Dungeon)
  4499 | D:4      | Reached skill level 1 in Stealth
  4499 | D:4      | Gained mutation: You are partially covered in icy blue scales (AC +1). [demonic ancestry]
  4499 | D:4      | Reached XP level 7. HP: 50/50 MP: 7/7
  4605 | D:4      | Killed an ogre
  4629 | D:4      | Reached ** piety under Okawaru
  4963 | D:5      | Entered Level 5 of the Dungeon
  4986 | D:5      | Found a deep blue altar of Sif Muna.
  5165 | D:5      | Reached skill level 8 in Maces & Flails
  5235 | D:5      | Found a staircase to the Ecumenical Temple.
  5522 | D:5      | Found Uwkifyd's Assorted Antiques.
  5529 | D:5      | Bought a crystal war axe for 229 gold pieces
  5530 | D:5      | Identified the +7 war axe of Anixtiph {pain, Dex+9} (You bought it in a shop on level 5 of the Dungeon)
  5638 | D:5      | Found a stormy altar of Qazlal.
  5638 | D:5      | Found a blossoming altar of Fedhas.
  5650 | D:5      | Reached XP level 8. HP: 50/56 MP: 6/8
  5738 | D:5      | Reached skill level 9 in Maces & Flails
  5795 | D:5      | Found a shattered altar of Ashenzari.
  6041 | D:6      | Found an ancient bone altar of Kikubaaqudgha.
  6133 | D:6      | Noticed Sigmund
  6186 | D:6      | Killed Sigmund
  6186 | D:6      | Reached *** piety under Okawaru
  6268 | D:6      | Reached skill level 10 in Maces & Flails
  7301 | D:6      | Reached skill level 1 in Shields
  7301 | D:6      | Gained mutation: You are significantly more attuned to the shadows. [demonic ancestry]
  7301 | D:6      | Reached XP level 9. HP: 17/62 MP: 4/9
  7609 | D:6      | Found a shadowy altar of Dithmenos.
  7649 | D:6      | Reached skill level 1 in Armour
  7770 | D:6      | Found a sacrificial altar of Ru.
  8033 | D:7      | Found a flagged portal.
  8034 | D:7      | Found a burning altar of Makhleb.
  8045 | D:7      | Got a smoking spear
  8046 | D:7      | Identified the +10 spear of Extinguishment {pierce, rF++ Dex+2} (You found it on level 7 of the Dungeon)
  8049 | Bailey   | Entered a bailey
  8390 | Bailey   | Noticed Charly's ghost (novice TrTm)
  8404 | Bailey   | Killed Charly's ghost
  8723 | Bailey   | Reached **** piety under Okawaru
  9454 | D:7      | Gained mutation: You are mostly covered in icy blue scales (AC +3, EV -1). [demonic ancestry]
  9454 | D:7      | Reached XP level 10. HP: 68/73 MP: 10/10
  9572 | D:7      | Reached skill level 11 in Maces & Flails
  9662 | D:8      | Reached skill level 5 in Fighting
  9729 | D:8      | Found a sparkling altar of Nemelex Xobeh.
  9863 | D:8      | Noticed Erica
  9881 | D:8      | Killed Erica
 10194 | D:8      | Reached skill level 5 in Armour
 10199 | D:8      | Reached skill level 5 in Shields
 10405 | D:8      | Found a staircase to the Lair.
 10547 | D:8      | Found a bloodstained altar of Trog.
 11821 | D:10     | Entered Level 10 of the Dungeon
 11930 | D:10     | Learned a level 5 spell: Aura of Abjuration
 12187 | D:10     | Gained mutation: You are completely covered in icy blue scales (AC +4, EV -1, rC+). [demonic ancestry]
 12187 | D:10     | Reached XP level 11. HP: 84/84 MP: 11/11
 12249 | D:10     | Noticed a hill giant
 12252 | D:10     | Noticed a hill giant
 12263 | D:10     | Killed a hill giant
 12269 | D:10     | Killed a hill giant
 12341 | D:10     | Reached ***** piety under Okawaru
 12580 | D:10     | Found a portal to a secret trove of treasure.
 12918 | D:11     | Noticed Urug
 12918 | D:11     | Noticed a hill giant
 12928 | D:11     | Killed a hill giant
 12961 | D:11     | Killed Urug
 13279 | D:11     | Found Tafa's Sacrilege Store.
 13279 | D:11     | Found a basalt altar of Yredelemnul.
 13371 | D:11     | Found a staircase to the Orcish Mines.
 14131 | D:12     | Noticed a hill giant
 14140 | D:12     | Killed a hill giant
 14232 | D:12     | Noticed Kirke
 14254 | D:12     | Killed Kirke
 14254 | D:12     | Reached XP level 12. HP: 82/95 MP: 10/12
 14376 | D:12     | Received a gift from Okawaru
 14478 | D:12     | Noticed emiel's ghost (journeyman TrWz)
 14594 | D:12     | Killed emiel's ghost
 14810 | D:12     | Noticed a tengu warrior
 14832 | D:12     | Noticed a tengu warrior
 14846 | D:12     | Killed a tengu warrior
 14855 | D:12     | Killed a tengu warrior
 15192 | Lair:1   | Entered Level 1 of the Lair of Beasts
 15243 | Lair:1   | Received a gift from Okawaru
 15243 | Lair:1   | Reached skill level 12 in Maces & Flails
 15508 | Lair:1   | Noticed Gastronok
 15530 | Lair:1   | Killed Gastronok
 15530 | Lair:1   | Reached ****** piety under Okawaru
 15530 | Lair:1   | Received a gift from Okawaru
 15530 | Lair:1   | Reached skill level 10 in Fighting
 15969 | Lair:1   | Received a gift from Okawaru
 16167 | Lair:1   | Reached skill level 1 in Invocations
 16202 | Lair:2   | Found a frozen archway.
 16248 | IceCv    | Entered an ice cave
 16872 | IceCv    | Received a gift from Okawaru
 16957 | IceCv    | Gained mutation: You regenerate magic rapidly. [demonic ancestry]
 16957 | IceCv    | Reached XP level 13. HP: 104/104 MP: 14/14
 17508 | IceCv    | Noticed a frost giant
 17527 | IceCv    | Killed a frost giant
 17869 | Lair:2   | Noticed Goblin1989's ghost (journeyman DsGl)
 17883 | Lair:2   | Killed Goblin1989's ghost
 17883 | Lair:2   | Received a gift from Okawaru
 17883 | Lair:2   | Reached skill level 10 in Shields
 17886 | Lair:2   | Got an ancient great mace {god gift}
 17893 | Lair:2   | Identified the +4 great mace of Chance {flame, rC+ Str+6} (Okawaru gifted it to you on level 2 of the Lair of Beasts)
 18197 | Lair:2   | Noticed an eight-headed hydra
 18205 | Lair:2   | Killed an eight-headed hydra
 18459 | Lair:2   | Reached skill level 10 in Armour
 18845 | Lair:2   | Reached skill level 5 in Invocations
 19038 | Lair:3   | Noticed Rupert
 19059 | Lair:3   | Killed Rupert
 19206 | Lair:3   | Noticed Sonja
 19221 | Lair:3   | HP: 3/106 [Sonja/uncursed short sword of distortion (18)]
 19233 | Lair:3   | Killed Sonja
 19795 | Lair:3   | Reached XP level 14. HP: 70/114 MP: 12/18
 20381 | Lair:4   | Noticed Nergalle
 20411 | Lair:4   | Killed Nergalle
 20465 | Lair:4   | Noticed Snorg
 20479 | Lair:4   | Killed Snorg
 20800 | Lair:4   | Received a gift from Okawaru
 20845 | Lair:4   | Found a staircase to the Snake Pit.
 21357 | Lair:4   | Found a staircase to the Shoals.
 23972 | Lair:7   | Found a dark tunnel.
 23979 | Volcano  | Entered a volcano
 24000 | Volcano  | Reached skill level 13 in Maces & Flails
 24062 | Volcano  | Received a gift from Okawaru
 24939 | Lair:7   | Found a staircase to the Slime Pits.
 25410 | Lair:8   | Entered Level 8 of the Lair of Beasts
 25456 | Lair:8   | Reached XP level 15. HP: 15/123 MP: 5/19
 25456 | Lair:8   | Killed from afar by an elephant

Action                   |  1- 3 |  4- 6 |  7- 9 | 10-12 | 13-15 || total
-------------------------+-------+-------+-------+-------+-------++-------
Melee: Flail             |   141 |   183 |   401 |  1143 |       ||  1868
       Spear             |       |       |    59 |       |       ||    59
       Morningstar       |       |       |       |    18 |  1325 ||  1343
 Fire: Greatsling        |       |       |    30 |       |       ||    30
Throw: Throwing net      |     1 |     2 |     4 |       |       ||     7
Invok: Heroism           |       |       |     9 |    11 |     8 ||    28
       Finesse           |       |       |       |       |     3 ||     3
Evoke: Wand              |       |       |       |     6 |     6 ||    12
  Use: Potion            |       |       |     1 |     6 |     3 ||    10
       Scroll            |       |       |    20 |     7 |     6 ||    33
 Stab: Sleeping          |     6 |       |       |     1 |     1 ||     8
       Held in net/web   |       |     2 |       |       |       ||     2
       Invisible         |       |       |       |     9 |       ||     9
       Distracted        |       |       |       |       |     1 ||     1
  Eat: Chunk             |     2 |     8 |     9 |    21 |    23 ||    63
       Beef jerky        |       |       |     2 |       |     2 ||     4
       Fruit             |       |       |     1 |    10 |     4 ||    15
       Meat ration       |       |       |     1 |       |       ||     1
       Pizza             |       |       |       |     1 |       ||     1
